 Dungeon Crawl Stone Soup version 0.27-a0-774-g3e622ea735 (webtiles) character file.

Game seed: 118804024414710345

215 P0NYSLAYSTATION the Grave Robber (level 5, -1/37 HPs)
             Began as a Demonspawn Necromancer on Mar 25, 2021.
             Slain by an adder (4 damage)
             ... on level 5 of the Dungeon.
             The game lasted 00:24:44 (3966 turns).

P0NYSLAYSTATION the Grave Robber (DsNe)             Turns: 3966, Time: 00:24:45

Health: -1/37      AC:  3    Str:  9    XL:     5   Next: 60%
Magic:  9/9        EV: 12    Int: 16    God:
Gold:   179        SH:  0    Dex: 14    Spells: 5/10 levels left

rFire    . . .     SeeInvis .   (no weapon)
rCold    . . .     Faith    .   (no shield)
rNeg     . . .     Spirit   .   a - +0 robe
rPois    .         Reflect  .   (no helmet)
rElec    .         Harm     .   (no cloak)
rCorr    .         Rampage  .   e - +0 pair of gloves
Will     .....                  (no boots)
Stlth    +.........             (no amulet)
HPRegen  0.12/turn              (no ring)
MPRegen  0.11/turn              (no ring)

@: silenced, weak-willed, marked
A: claws 1, demonic guardian 1, foul stench 1
a: no special abilities


You were on level 5 of the Dungeon.
You visited 1 branch of the dungeon, and saw 4 of its levels.

You collected 179 gold pieces.

Inventory:

Hand Weapons
 c - a +0 short sword
 f - a +0 demon trident
Armour
 a - a +0 robe (worn)
 d - a +0 ring mail
 e - a +0 pair of gloves (worn)
Wands
 j - a wand of acid (3)
Scrolls
 h - a scroll of enchant armour


   Skills:
 + Level 1.0 Fighting
 - Level 1.0 Short Blades
 * Level 1.5 Armour
 + Level 2.0 Dodging
 + Level 2.1 Stealth
 * Level 0.5 Unarmed Combat
 + Level 3.1 Spellcasting
 + Level 5.8 Necromancy


You had 5 spell levels left.
You knew the following spells:

 Your Spells              Type           Power      Damage    Failure   Level
a - Pain                  Necr           84%        1d8       1%          1
b - Animate Skeleton      Necr           42%        N/A       1%          1
c - Vampiric Draining     Necr           10%        2d7       4%          3

Your spell library contained the following spells:

 Spells                   Type           Power      Damage    Failure   Level
 Animate Dead             Necr           10%        N/A       17%         4
 Agony                    Necr           21%        N/A       43%         5


Dungeon Overview and Level Annotations

Branches:
Dungeon (5/15)
 Temple: D:4-7

Altars:
The Shining One


Innate Abilities, Weirdness & Mutations

You have sharp fingernails.
A weak demonic guardian rushes to your aid.
You may rarely emit foul miasma when damaged in melee.


Message History

Press: ? - help, Dir - move target
As you read the scroll labelled LAYNIA CEFE, it crumbles to dust.
It was a scroll of blinking.
Your quasit bites the ufetubus but does no damage.
Your quasit misses the ufetubus.
Your quasit closely misses the ufetubus.
The ufetubus hits your quasit. x2; Your quasit bites the ufetubus.
Your quasit claws the ufetubus but does no damage.
Your quasit completely misses the ufetubus.
As you read the scroll labelled ILEEF NEUTUS, it crumbles to dust.
A profound silence engulfs you.
It was a scroll of silence.
The ufetubus hits your quasit. The ufetubus barely misses your quasit.
Your quasit closely misses the ufetubus.
Your quasit claws the ufetubus.
The ufetubus dies!
The water moccasin skeleton closely misses you.
You swap places.
The water moccasin skeleton completely misses your quasit.
The water moccasin skeleton closely misses your quasit.
The water moccasin skeleton bites your quasit.
Your quasit bites the water moccasin skeleton.
Your quasit claws the water moccasin skeleton.
Your quasit closely misses the water moccasin skeleton.
The water moccasin skeleton bites your quasit.
Your quasit barely misses the water moccasin skeleton.
Your quasit claws the water moccasin skeleton. x2
The water moccasin skeleton bites your quasit but does no damage.
Your quasit bites the water moccasin skeleton.
Your quasit misses the water moccasin skeleton.
Your quasit closely misses the water moccasin skeleton.
The water moccasin skeleton bites your quasit but does no damage.
The adder closely misses you.
You cannot cast spells when silenced!
Okay, then.
You hit the adder.
The adder is lightly wounded.
Your quasit bites the phantom but does no damage.
Your quasit barely misses the phantom.
Your quasit closely misses the phantom.
The adder bites you.
You die...

.###########.#.W....W....########
.............############........
.#.#########.# #.####### .#.####
#.# #.# ..#...######.##### #.#
##.##....(.....Z.# #.# #.#
#######.###W# #.# ##.### #.# #5#
#.# ...).# #.# #@# #.#######
.......... ..# #S# #.......W
...#.##### ### #.# #########
.#.#.# #.# # .....# ........# #
...# # ######### # .... # ...# #
. #


You could see a phantom, an adder (weak-willed), a water moccasin skeleton (ally
target) and a friendly quasit (summoned, weak-willed).

Vanquished Creatures
  A scorpion (D:5)
  A hound (D:5)
  A bullfrog skeleton (D:5)
  An orc wizard (D:3)
  An iguana (D:5)
  2 adders (D:2)
  A dart slug (D:2)
  2 orcs (D:3)
  2 ball pythons (D:1)
  5 bats
  An endoplasm (D:1)
  3 giant cockroaches
  4 goblins
  4 hobgoblins
  5 quokkas
  4 frilled lizards (D:1)
  4 kobolds
  4 rats
46 creatures vanquished.

Vanquished Creatures (collateral kills)
  An ufetubus (D:5)
  An orc (D:3)
  A ball python (D:1)
  A bat (D:1)
  A frilled lizard (D:2)
  A rat (D:1)
6 creatures vanquished.

Grand Total: 52 creatures vanquished

Notes
Turn   | Place    | Note
-------+----------+-------------------------------------------
     0 | D:1      | P0NYSLAYSTATION the Demonspawn Necromancer began the quest
                  | for the Orb.
     0 | D:1      | Reached XP level 1. HP: 13/13 MP: 3/3
     2 | D:1      | Learned a level 1 spell: Animate Skeleton
   431 | D:1      | Gained mutation: A weak demonic guardian rushes to your
                  | aid. [demonic ancestry]
   431 | D:1      | Reached XP level 2. HP: 18/20 MP: 1/5
  1743 | D:2      | Reached XP level 3. HP: 23/25 MP: 3/6
  2029 | D:2      | Learned a level 3 spell: Vampiric Draining
  2179 | D:2      | Reached skill level 5 in Necromancy
  2943 | D:3      | Gained mutation: You have sharp fingernails. [demonic
                  | ancestry]
  2943 | D:3      | Reached XP level 4. HP: 21/31 MP: 3/7
  2972 | D:3      | Reached skill level 1 in Armour
  3158 | D:3      | Upgraded the game from 0.27-a0-767-g00efbec225 to
                  | 0.27-a0-774-g3e622ea735
  3261 | D:3      | You fall into a shaft and drop 2 floors!
  3261 | D:5      | Entered Level 5 of the Dungeon
  3278 | D:5      | Noticed a phantom
  3305 | D:5      | Reached skill level 1 in Short Blades
  3305 | D:5      | Gained mutation: You may rarely emit foul miasma when
                  | damaged in melee. [demonic ancestry]
  3305 | D:5      | Reached XP level 5. HP: 4/36 MP: 0/9
  3510 | D:5      | Noticed a phantom
  3923 | D:5      | Reached skill level 1 in Fighting
  3966 | D:5      | Slain by an adder

Illustrated notes

Levels and vault maps discovered:
D:1:      lemuel_arrival_room, layout_basic, minmay_ruptured
D:2:      layout_basic
D:3:      layout_loops_corners
D:5:      layout_loops_ring, kennysheep_little_box, serial_shops, shop

Skill      XL: |  1  2  3  4  5 |
---------------+----------------+-----
Necromancy     | 5 |  5.8
Stealth        | 2 |  2.1
Armour         | 1 |  1.5
Short Blades   | 1 |  1.0
Spellcasting   | 3 |  3.1
Dodging        | 2 |  2.0
Fighting       | 1 |  1.0
Unarmed Combat | |  0.5

Action                   |  1- 3 |  4- 6 || total
-------------------------+-------+-------++-------
Melee: Short sword       |    51 |     9 ||    60
       Unarmed           |       |    20 ||    20
 Cast: Pain              |    49 |    14 ||    63
       Animate Skeleton  |    16 |     5 ||    21
       Vampiric Draining |     2 |     5 ||     7
  Use: Scroll            |       |     7 ||     7
       Potion            |       |     2 ||     2
 Stab: Distracted        |     1 |       ||     1
Armor: Robe              |    15 |    10 ||    25
Dodge: Dodged            |    43 |    58 ||   101

Table legend: (Time is in decaauts)
 A = Elapsed time spent in this place.
 B = Non-inter-level travel time spent in this place.
 C = Inter-level travel time spent in this place.
 D = Time resting spent in this place.
 E = Time spent auto-exploring this place.
 F = Levels seen in this place.
 G = Mean time per level.
                   A        B        C        D        E       F      G
               +--------+--------+--------+--------+--------+-----+--------+
         Total |   3971 |   3875 |     96 |   1113 |   1970 |   4 |  992.8 |
       Dungeon |   3971 |   3875 |     96 |   1113 |   1970 |   4 |  992.8 |
               +--------+--------+--------+--------+--------+-----+--------+

Top non-repeatable levels by time:
     D:1: 1734 daAuts
     D:2: 1098 daAuts
     D:5: 704 daAuts
     D:3: 434 daAuts
